Map: Lock & Load

Players

NamroodTuo

  • Race: Terran Terran
  • Spawn Location: 6:00

TrolikT

  • Race: Zerg Zerg

VOD

Have the link to the VOD?

Description

Time

  • Played on: Feb. 11, 2023, 7:27 a.m.
  • Length: 22:16
Show
View Real Time Build Order
Export as new Build Order

NamroodTuo Terran 

Build Orders:  

Get SALT Encoding   

  12  0:03  SCV  
  13  0:17  SCV  
  14  0:30  SCV  
  15  0:43  Supply Depot  
  15  0:50  SCV  
  16  1:04  SCV  
  17  1:15  Supply Depot  
  17  1:17  SCV  
  18  1:31  SCV  
  19  1:44  SCV  
  20  1:57  Factory  
  20  1:58  SCV  
  21  2:11  SCV  
  22  2:25  SCV  
  23  2:38  Perdition Turret  
  23  2:39  SCV  
  24  2:49  Devastation Turret  
  24  2:52  SCV  
  25  3:00  Refinery  
  25  3:04  Refinery  
  25  3:06  SCV  
  26  3:19  SCV  
  26  3:20  Perdition Turret  
  26  3:25  Perdition Turret  
  27  3:33  SCV  
  28  3:44  Perdition Turret  
  28  3:46  SCV  
  28  3:47  Perdition Turret  
  29  4:00  SCV  
  30  4:12  Perdition Turret  
  30  4:14  SCV  
  31  4:32  Supply Depot  
  31  4:34  Supply Depot  
  31  4:35  Supply Depot  
  31  4:55  SCV  
  32  5:08  SCV  
  32  5:09  Command Center  
  33  5:19  Armory  
  33  5:22  SCV  
  34  5:35  Goliath  
  34  5:36  SCV  
  37  6:14  Goliath  
  37  6:18  Engineering Bay  
  39  6:20  Regenerative Bio-Steel  
  39  6:40  Upgrade Laser Drill Level 1  
  39  6:46  Goliath  
  39  7:18  Supply Depot  
  39  7:35  Supply Depot  
  39  7:45  Goliath  
  39  7:48  SCV  
  42  7:51  SCV  
  42  7:53  Factory  
  42  7:55  Supply Depot  
  43  8:04  SCV  
  44  8:17  Goliath  
  44  8:18  SCV  
  47  8:31  SCV  
  48  8:45  SCV  
  49  8:58  SCV  
  49  8:59  Factory Tech Reactor x2  
  50  9:02  Advanced Optics  
  50  9:08  Supply Depot  
  50  9:12  SCV  
  50  9:15  Supply Depot  
  50  9:17  Refinery  
  51  9:21  Refinery  
  51  9:25  SCV  
  52  9:33  Multi-Lock Weapons System  
  52  9:39  SCV  
  53  9:53  SCV  
  54  10:01  Ares-Class Targeting System  
  54  10:04  Goliath x4  
  62  11:01  Goliath x2  
  62  11:02  Goliath x2, Terran Vehicle and Ship Weapons Level 1  
  62  11:08  Upgrade Laser Drill Level 2  
  70  11:26  Starport  
  70  11:33  Goliath x2  
  74  11:52  Fire-Suppression Systems  
  74  12:04  Supply Depot  
  74  12:05  Supply Depot  
  74  12:06  SCV  
  75  12:20  SCV  
  75  12:27  Supply Depot  
  76  12:30  Supply Depot  
  76  12:33  SCV  
  77  12:47  SCV  
  78  12:52  KMC Auto-Loaders  
  74  13:00  SCV  
  75  13:14  Starport Tech Reactor  
  73  13:21  Starport  
  75  13:33  Thor x2  
  75  13:34  Thor  
  89  13:42  Terran Vehicle And Ship Armor Level 1  
  89  13:51  Starport Tech Reactor  
  89  14:22  Structure Armor  
  89  14:24  Science Vessel x2  
  89  14:25  Science Vessel  
  95  15:22  Hi-Sec Auto Tracking  
  95  16:35  Thor x2  
  95  16:36  Thor x2  
  95  16:38  Science Vessel  
  95  16:39  Science Vessel x2  
  125  17:21  Supply Depot  
  125  17:25  Supply Depot  
  125  17:28  Terran Vehicle and Ship Weapons Level 2  
  125  17:29  Supply Depot  
  119  17:32  Thor  
  119  17:55  Supply Depot  
  119  18:00  Supply Depot  
  119  18:03  Supply Depot  
  119  18:09  Thor  
  119  18:13  Thor  
  119  18:31  Supply Depot  
  119  18:34  Supply Depot  
  131  19:28  Thor x2  
  131  19:29  Thor x2  
  155  20:09  Thor  
  143  20:13  Thor  
  143  20:15  Thor  
Show
View Real Time Build Order
Export as new Build Order

TrolikT Zerg 

Build Orders:  

Get SALT Encoding   

  12  0:28  Infested Barracks  
  12  0:32  Infested Refinery  
  12  1:50  Infested Barracks Tech Lab  
  12  1:58  Infested Engineering Bay  
  12  2:00  Infested Refinery  
  12  2:44  Infested SCV x3  
  12  2:46  Overlord  
  15  3:39  Infested SCV x2  
  17  3:41  Infested Marine x2  
  17  3:42  Infested Marine x4  
  17  3:45  Unknown  
  17  3:49  Retinal Augmentation  
  23  3:58  Stukov Infantry Weapons Level 1  
  23  4:07  Overlord  
  23  4:35  Infested SCV x2  
  25  4:50  Infested Command Center  
  25  4:51  Infested Factory  
  25  5:08  Infested SCV x4  
  29  5:20  Plagued Munitions  
  27  5:34  Infested Marine x3  
  27  5:35  Infested Marine x4  
  30  5:43  Overlord  
  30  6:02  Infested Marine x2  
  30  6:09  Infested SCV  
  26  6:10  Infested SCV x2  
  26  6:12  Overlord  
  26  6:24  Infested Marine x5  
  26  6:25  Infested Marine x4  
  35  6:32  Infested Factory Tech Lab  
  35  6:43  Infested Armory  
  35  6:45  Infested SCV  
  35  6:53  Overlord  
  31  7:06  Infested Refinery  
  30  7:21  Infested Marine x3  
  30  7:22  Infested Marine x2  
  30  7:25  Stukov Infantry Armor Level 1  
  35  7:30  Broodling Gestation  
  35  7:33  Infested SCV  
  35  7:36  Overseer  
  36  7:40  Infested SCV  
  36  7:44  Infested SCV  
  38  7:57  Overlord  
  38  8:03  Aggressive Incubation  
  38  8:13  Infested Marine x4  
  38  8:14  Infested Marine x3  
  38  8:15  Infested Marine x2  
  44  8:35  Infested SCV x3  
  44  8:36  Infested SCV x2  
  49  8:43  Infested Barracks  
  45  8:58  Infested SCV  
  44  9:07  Overseer, Infested Refinery  
  44  9:09  Infested Barracks Tech Lab  
  44  9:19  Infested SCV  
  45  9:26  Infested Barracks, Infested SCV x2  
  47  9:33  Overseer  
  47  9:37  Anaerobic Enhancement  
  46  9:58  Infested SCV x2  
  46  9:59  Infested SCV  
  49  10:01  Overseer  
  49  10:06  Infested Marine  
  49  10:07  Infested Marine x6  
  49  10:08  Infested Marine x2  
  50  10:37  Infestation Level 1  
  50  10:51  Stukov Vehicle and Ship Weapons Level 1  
  50  10:53  Stukov Infantry Weapons Level 2  
  50  10:58  Saturated Cultures  
  50  11:03  Infested SCV x4  
  54  11:16  Infested Marine x4  
  54  11:17  Infested Marine x4  
  58  11:45  Infested SCV x2  
  55  11:58  Caustic Mucus  
  53  12:01  Infested Marine x3  
  53  12:02  Infested Marine x4  
  60  12:11  Infested SCV x2  
  62  12:20  Infested Marine  
  62  12:21  Infested Marine x5  
  62  12:22  Infested Marine x3  
  67  12:39  Overlord x2  
  58  12:42  Overseer  
  49  13:14  Infested Marine x3  
  49  13:15  Infested Marine x5  
  49  13:16  Infested Marine x2  
  49  13:18  Infested SCV x2  
  49  13:19  Overlord, Infested SCV  
  62  13:26  Infested Barracks Tech Lab  
  64  14:00  Infested Bunker  
  64  14:03  Stukov Infantry Armor Level 2  
  64  14:07  Overlord, Infested Bunker  
  64  14:08  Infested SCV  
  69  14:10  Overlord  
  69  14:15  Stukov Vehicle and Ship Armor Level 1  
  69  14:23  Infested Marine x2  
  69  14:24  Infested Marine x5  
  69  14:25  Infested Marine x5  
  81  14:33  Infestation Level 2  
  73  15:14  Infested Bunker  
  73  15:19  Infested Bunker  
  81  15:33  Infested Marine  
  81  15:34  Infested Marine x6  
  81  15:35  Infested Marine x5  
  81  15:36  Infested Marine  
  81  15:39  Overlord  
  94  15:40  Overlord x2  
  77  16:54  Stukov Vehicle and Ship Weapons Level 2  
  77  16:59  Infested Bunker  
  81  17:03  Infested Bunker  
  85  17:13  Stukov Infantry Weapons Level 3  
  76  17:50  Infested SCV  
  77  18:14  Infested Marine x4  
  77  18:15  Infested Marine x5  
  77  18:16  Infested Marine x3  
  89  18:24  Infested Siege Tank  
  89  18:28  Infestation Level 3  
  92  19:09  Infested Marine  
  93  19:10  Infested Marine x6  
  93  19:11  Infested Marine x5  
  93  19:12  Infested Marine  
  93  19:17  Infested Bunker  
  107  19:23  Infested Bunker  
  92  20:12  Infested Bunker  
  92  20:17  Infested Bunker  
  100  20:56  Infested Marine x5  
  100  20:57  Infested Marine x5  
  100  20:58  Infested Marine x6  
  100  20:59  Infested Marine  
  117  21:08  Infested Bunker  
  117  21:14  Infested Bunker  
Tags
 
Commander
StukovSwann
Matchup
Co-op
Replay Pack
Multiplayer
Add a new tag
Caveats
  • Supply blocks, unpowered buildings, or Contaminate may cause inaccurate times.
  • Supply counts are checked every 10 seconds.